 Dungeon Crawl Stone Soup version 0.31.0-1-g2c135a0 (webtiles) character file.

Game seed: 5484958390306877561

266744 jagoly the Fighter (level 18, 142/142 HPs)
             Began as a Human Earth Elementalist on Jan 30, 2024.
             Was the Champion of Cheibriados.
             Quit the game on level 1 of the Elven Halls on Jan 31, 2024.
             The game lasted 06:30:43 (12299 turns).

jagoly the Fighter (Human Earth Elementalist)      Turns: 12299, Time: 06:30:43

Health: 142/142    AC: 18    Str: 27 (28) XL:     18   Next: 90%
Magic:  31/31      EV: 23    Int: 34 (35) God:    Cheibriados [******]
Gold:   1012       SH: 16    Dex: 36 (38) Spells: 0/35 levels left

rFire   . . .        W - +3 broad axe (heavy)
rCold   . . .        f - +0 kite shield {reflect}
rNeg    . . .        g - +0 scale mail of Spring {*Corrode Will+ Regen+}
rPois   .            q - +1 helmet "Kiudut" {Str+2 Dex+5}
rElec   .            Y - +0 cloak
rCorr   +            e - +0 pair of fencer's gloves {Riposte Dex+3}
SInv    .            S - +0 pair of boots
Will    +++..        A - amulet of magic regeneration
Stlth   ++++         u - ring of resist corrosion
HPRegen 1.23/turn    m - ring of wizardry
MPRegen 0.62/turn

%: corrode self (3%), reflection, wizardry (x1)
@: enlightened, flying, studying Ice Magic, very slow
A: explore regen, iridescent scales 1, deterioration 1, sense surroundings 1
}: 2/15 runes: barnacled, gossamer
a: Renounce Religion, Bend Time, Temporal Distortion, Slouch, Step From Time


You were on level 1 of the Elven Halls.
You worshipped Cheibriados.
Cheibriados was exalted by your worship.
You visited 7 branches of the dungeon, and saw 30 of its levels.
You also visited: Ossuary and Ice Cave.

You collected 4232 gold pieces.
You spent 3220 gold pieces at shops.

Inventory:

Hand Weapons
 O - a +3 demon trident of venom
 T - the +2 war axe of Taxation {vamp, rN+ Str+5}
   (You found it on level 3 of the Elven Halls)

   Str+5:     It affects your strength (+5).
   rN+:       It protects you from negative energy.
 W - a +3 heavy broad axe (weapon)
Missiles
 d - 3 curare-tipped darts
 F - 43 boomerangs (quivered)
 N - a throwing net
Armour
 e - the +0 pair of fencer's gloves (worn) {Riposte Dex+3}
   (You bought it in a shop on level 8 of the Dungeon)

   Riposte:   It allows the wearer to riposte with melee weapons, swiftly
   retaliating against missed or blocked melee attacks.
   Dex+3:     It affects your dexterity (+3).
 f - a +0 kite shield of reflection (worn)
 g - the +0 scale mail of Spring (worn) {*Corrode Will+ Regen+}
   (You bought it in a shop on level 2 of the Orcish Mines)

   Will+:     It increases your willpower.
   Regen+:    It increases your rate of health regeneration.
   *Corrode:  It may corrode you when you take damage.
 q - the +1 helmet "Kiudut" (worn) {Str+2 Dex+5}
   (You found it on level 4 of the Dungeon)

   Str+2:     It affects your strength (+2).
   Dex+5:     It affects your dexterity (+5).
 r - a +1 kite shield of cold resistance
 P - the +10 scale mail "Nescheb" {rF+}
   (You found it on level 3 of the Elven Halls)

   rF+:       It protects you from fire.
 S - a +0 pair of boots (worn)
 V - a +2 pair of boots
 Y - a +0 cloak (worn)
Magical Staves
 b - the staff "Dits" {rPois rC+ Ice}
   (You found it on level 3 of the Elven Halls)

   [staff of cold]

   Base accuracy: +5 Base damage: 5 Base attack delay: 1.2 This weapon's minimum
   attack delay (0.6) is reached at skill level 12.
   rC+:       It protects you from cold.
   rPois:     It protects you from poison Ice: It increases the power of your
   Ice spells.
   It falls into the 'Staves' category.
   It is a one-handed weapon.
Jewellery
 m - a ring of wizardry (right hand)
 u - a ring of resist corrosion (left hand)
 y - the ring of Xask {Fire rPois Int+3}
   (You acquired it on level 2 of the Orcish Mines)

   [ring of fire]

   Fire:      It enhances your fire magic.
   Int+3:     It affects your intelligence (+3).
   rF+:       It protects you from fire.
   rC-:       It makes you vulnerable to cold.
   rPois:     It protects you from poison
 A - an amulet of magic regeneration (around neck)
Talismans
 J - the death talisman of Filigreed Leaves {*Corrode rC++}
   (You found it on level 4 of the Shoals)

   [talisman of death]

   rC++:      It greatly protects you from cold.
   *Corrode:  It may corrode you when you take damage.
Wands
 a - a wand of digging (5)
 l - a wand of paralysis (32)
 Z - a wand of mindburst (23)
Scrolls
 h - 6 scrolls of immolation
 i - 3 scrolls of enchant armour
 j - 9 scrolls of teleportation
 k - a scroll of vulnerability {unknown}
 s - 4 scrolls of poison
 t - 5 scrolls of fear
 x - 3 scrolls of revelation
 K - a scroll of summoning
 R - 3 scrolls of fog
 U - 2 scrolls of amnesia
Potions
 c - 3 potions of attraction {unknown}
 n - 3 potions of brilliance {unknown}
 o - a potion of experience {unknown}
 z - 6 potions of curing
 B - 4 potions of enlightenment
 C - 3 potions of magic
 D - 6 potions of mutation
 E - a potion of heal wounds
 G - 6 potions of cancellation
 H - 6 potions of ambrosia
 I - 2 potions of berserk rage {unknown}
 L - 4 potions of invisibility
 Q - 5 potions of might {unknown}
 X - 2 potions of resistance {unknown}
Miscellaneous
 v - a phial of floods
 w - a box of beasts


   Skills:
 + Level 12.7 Fighting
 - Level 12.0 Axes
 - Level 2.0 Throwing
 - Level 12.0 Armour
 + Level 10.9 Dodging
 - Level 8.0 Stealth
 + Level 10.9 Shields
 - Level 9.0 Spellcasting
 - Level 8.0 Conjurations
 - Level 2.0 Translocations
 - Level 8.0 Ice Magic
 - Level 8.0 Earth Magic
 - Level 12.0 Alchemy
 - Level 8.0 Invocations
 - Level 4.0 Evocations


You couldn't memorise any spells.
You knew the following spells:

 Your Spells              Type           Power      Damage    Failure   Level
b - Borgnjor's Vile Clut  Necr/Erth      21%        N/A       19%         5
c - Stone Arrow           Conj/Erth      100%       3d13      1%          3
h - Hailstorm             Conj/Ice       62%        3d11      1%          3
n - Eringya's Noxious Bo  Alch           38%        4d6       4%          6
q - Apportation           Tloc           56%        N/A       1%          1
t - Frozen Ramparts       Ice            100%       1d16      1%          3
w - Passwall              Erth           62%        N/A       1%          3
B - Blink                 Tloc           56%        N/A       2%          2
R - Olgreb's Toxic Radia  Alch           77%        N/A       1%          4
T - Irradiate             Conj/Alch      35%        3d23      1%          5

Your spell library contained the following spells:

 Spells                   Type           Power      Damage    Failure   Level
 Freeze                   Ice            100%       1d10      1%          1
 Sandblast                Erth           100%       2d20      1%          1
 Sting                    Conj/Alch      100%       1d9       1%          1
 Mercury Vapours          Alch/Air       100%       N/A       1%          2
 Brom's Barrelling Bould  Conj/Erth      62%        2d8       1%          4
 Leda's Liquefaction      Alch/Erth      35%        N/A       1%          4
 Petrify                  Alch/Erth      70%        N/A       1%          4
 Lesser Beckoning         Tloc           56%        N/A       2%          2
 Necrotise                Necr           60%        1d7       3%          1
 Summon Small Mammal      Summ           60%        N/A       3%          1
 Lee's Rapid Deconstruct  Erth           31%        3d16*     3%          5
 Gell's Gravitas          Tloc           28%        N/A       4%          3
 Teleport Other           Tloc           28%        N/A       4%          3
 Volatile Blastmotes      Fire/Tloc      44%        2d13      7%          3
 Sculpt Simulacrum        Ice/Alch       35%        N/A       9%          6
 Inner Flame              Hex/Fire       15%        N/A       11%         3
 Bombard                  Conj/Erth      31%        9d6       21%         6
 Animate Dead             Necr           15%        N/A       32%         4
 Summon Forest            Summ/Tloc      11%        N/A       52%         5
 Ozocubu's Refrigeration  Ice            31%        4d14      69%         7
 Death Channel            Necr           7%         N/A       99%         6
 Summon Hydra             Summ           7%         N/A       100%        7
 Discord                  Hex            7%         N/A       100%        8
 Ignition                 Fire           7%         3d5       100%        8
 Lehudib's Crystal Spear  Conj/Erth      31%        10d8      100%        8
 Polar Vortex             Ice            31%        12d4*     100%        9


Dungeon Overview and Level Annotations

Branches:
Dungeon (11/15) Zot: 38275  Temple (1/1) D:7 Zot: 8995    Lair (5/5) D:8 Zot: 38638
 Shoals (4/4) Lair:3 Zot: 34409  Spider (4/4) Lair:3 Zot: 33991     Orc (2/2) D:10 Zot: 16800
    Elf (3/3) Orc:2 Zot: 25201 Ossuary (visited)           IceCv (visited)
  Slime: Lair:4-5

Altars:
Ashenzari
Cheibriados
Dithmenos
Elyvilon
Fedhas
Gozag
Hepliaklqana
Kikubaaqudgha
Makhleb
Nemelex Xobeh
Okawaru
Qazlal
Ru
Sif Muna
Trog
Uskayaw
Vehumet
Wu Jian
Xom
Yredelemnul
Zin
The Shining One

Shops:
D:7 *   D:8 [:([   Orc:2 :?***:   Elf:1 ((   Elf:3 *   Shoals:1 (   Shoals:4 (

Annotations:
D:7 5 runed translucent doors
Spider:1 Mlioglotl


Innate Abilities, Weirdness & Mutations

You regain HP and MP as you explore.
You are partially covered in iridescent scales. (AC +2)
Your body sometimes deteriorates upon taking damage.
You passively map a small area around you.


Message History

The deep elf annihilator looks even sicker.
Your toxic aura wanes.
Cast which spell? (? or * to list)
Casting: Eringya's Noxious Bog (dangerous; 4% risk of failure)
Press: ? - help, Dir - look around, f - activate Splash!
You fall into the toxic bog.
Moving in this stuff is going to be slow.
You spew toxic sludge!
The deep elf annihilator festers in the toxic bog!
The deep elf annihilator looks as sick as possible!
The deep elf annihilator festers in the toxic bog!
The deep elf annihilator looks as sick as possible!
The deep elf annihilator festers in the toxic bog!
The deep elf annihilator looks as sick as possible!
The deep elf annihilator festers in the toxic bog!
The deep elf annihilator looks as sick as possible!
You kill the deep elf annihilator!
Cheibriados appreciates the change of pace.
You feel your intelligence returning.
Your noxious spew wanes.
Found 2 stones, a wand of mindburst (8) and 69 gold pieces.
Found thirteen items.
There is an open door here.
Found four items.
You see here 2 stones.
Found a glowing spear, 17 gold pieces and 6 stones.
Cast which spell? (? or * to list)
Aiming: Apportation (safe; 1% risk of failure)
Press: ? - help, Dir - move target Apport: a scroll of enchant armour Yoink!
You pull the item towards yourself.
Cast which spell? (? or * to list)
Aiming: Apportation (safe; 1% risk of failure)
Press: ? - help, Dir - move target Apport: Sif Muna's Vellum of Amathomancy Yoink!
You pull the item towards yourself.
You see here Sif Muna's Vellum of Amathomancy.
Cast which spell? (? or * to list)
Aiming: Apportation (safe; 1% risk of failure)
Press: ? - help, Dir - move target Apport: a pair of glowing boots
Okay, then.
Cast which spell? (? or * to list)
Aiming: Apportation (safe; 1% risk of failure)
Press: ? - help, Dir - move target Apport: a pair of glowing boots Yoink!
You pull the item towards yourself.
You see here a +2 pair of boots.
Cast which spell? (? or * to list)
Aiming: Apportation (safe; 1% risk of failure)
Press: ? - help, Dir - move target Apport: 37 gold pieces Yoink!
You pull the items towards yourself.
Cast which spell? (? or * to list)
Aiming: Apportation (safe; 1% risk of failure)
Press: ? - help, Dir - move target Apport: 11 gold pieces Yoink!
You pull the items towards yourself.
Cast which spell? (? or * to list)
Aiming: Apportation (safe; 1% risk of failure)
Press: ? - help, Dir - move target Apport: 21 gold pieces Yoink!
You pull the items towards yourself.
Cast which spell? (? or * to list)
Aiming: Apportation (safe; 1% risk of failure)
Press: ? - help, Dir - move target Apport: 15 gold pieces Yoink!
You pull the items towards yourself.
Cast which spell? (? or * to list)
Aiming: Apportation (safe; 1% risk of failure)
Press: ? - help, Dir - move target Apport: 21 gold pieces Yoink!
You pull the items towards yourself.
Cast which spell? (? or * to list)
Aiming: Apportation (safe; 1% risk of failure)
Press: ? - help, Dir - move target Apport: a scroll of teleportation Yoink!
You pull the item towards yourself.
Cast which spell? (? or * to list)
Aiming: Apportation (safe; 1% risk of failure)
Press: ? - help, Dir - move target Apport: a book of the Earth Yoink!
You pull the item towards yourself.
Cast which spell? (? or * to list)
Aiming: Apportation (safe; 1% risk of failure)
Press: ? - help, Dir - move target Apport: a book of the Earth Yoink!
You pull the item towards yourself.
You see here a book of the Earth.
Cast which spell? (? or * to list)
Aiming: Apportation (safe; 1% risk of failure)
Press: ? - help, Dir - move target Apport: a fine war axe Yoink!
You pull the item towards yourself.
You see here the +2 war axe of Taxation {vamp, rN+ Str+5}.
Cast which spell? (? or * to list)
Aiming: Apportation (safe; 1% risk of failure)
Press: ? - help, Dir - move target Apport: 28 gold pieces Yoink!
You pull the items towards yourself.
Cast which spell? (? or * to list)
Aiming: Apportation (safe; 1% risk of failure)
Press: ? - help, Dir - move target Apport: 24 gold pieces Yoink!
You pull the items towards yourself.
Cast which spell? (? or * to list)
Aiming: Apportation (safe; 1% risk of failure)
Press: ? - help, Dir - move target Apport: 17 gold pieces Yoink!
You pull the items towards yourself.
Cast which spell? (? or * to list)
Aiming: Apportation (safe; 1% risk of failure)
Press: ? - help, Dir - move target Apport: a scroll of blinking Yoink!
You pull the item towards yourself.
Cast which spell? (? or * to list)
Aiming: Apportation (safe; 1% risk of failure)
Press: ? - help, Dir - move target Apport: 14 gold pieces Yoink!
You pull the items towards yourself.
Okay, then.
Autopickup disabled for rings of strength.
You drop a +6 ring of strength.
You drop a staff of death.
T - the +2 war axe of Taxation {vamp, rN+ Str+5}
V - a +2 pair of boots;
p - 4 scrolls of blinking (gained 1)
i - 3 scrolls of enchant armour (gained 1)
j - 10 scrolls of teleportation (gained 1)
You pick up Sif Muna's Vellum of Amathomancy and begin reading...
It was Sif Muna's Vellum of Amathomancy.
You add the spells Leda's Liquefaction and Lehudib's Crystal Spear to your library.
You pick up a book of the Earth and begin reading...
You add the spell Bombard to your library.
You now have 845 gold pieces (gained 188).
Found a potion of heal wounds and 51 gold pieces.
You see here a staff of alchemy.
Cast which spell? (? or * to list)
Aiming: Apportation (safe; 1% risk of failure)
Press: ? - help, Dir - move target
Okay, then.
Cast which spell? (? or * to list)
Aiming: Apportation (safe; 1% risk of failure)
Press: ? - help, Dir - move target Apport: a wand of mindburst (8)
Okay, then.
Found a weird glowing staff.
You see here 7 stones.
Unknown command.
Cast which spell? (? or * to list)
Aiming: Apportation (safe; 1% risk of failure)
Press: ? - help, Dir - move target Apport: 51 gold pieces Yoink!
You pull the items towards yourself.
Cast which spell? (? or * to list)
Okay, then.
Cast which spell? (? or * to list)
Aiming: Apportation (safe; 1% risk of failure)
Press: ? - help, Dir - move target Apport: a potion of heal wounds Yoink!
You pull the item towards yourself.
Okay, then.
You drop the +6 flail of Ciq Ifiwk {vamp, rElec}.
E - a potion of heal wounds You now have 896 gold pieces (gained 51).
You see here a staff of alchemy.
You see here 2 stones.
There is an open door here.
You open the door.
Found five items.
A deep elf annihilator and a deep elf archer come into view.
Found sixteen items.
The deep elf annihilator shouts!
The deep elf annihilator casts a spell at you.
The bolt of lightning misses you. The bolt of lightning hits you!!
The deep elf archer shouts!
You hear a shout!
There is an open door here.
Cast which spell? (? or * to list)
Casting: Eringya's Noxious Bog (dangerous; 3% risk of failure)
Press: ? - help, Dir - look around, f - activate You spew toxic sludge!
The deep elf archer festers in the toxic bog!
The deep elf archer looks as sick as possible!
The deep elf archer unwields a +0 dagger.
The deep elf archer wields a +0 shortbow.
The deep elf archer shoots an arrow.
You block the arrow with your +0 kite shield of reflection... and reflect it back!
The arrow hits the deep elf archer!!
The deep elf annihilator festers in the toxic bog!
The deep elf annihilator looks as sick as possible!
Cast which spell? (? or * to list)
Aiming: Stone Arrow (safe; 1% risk of failure)
Press: ? - help, Shift-Dir - straight line, f - deep elf annihilator
Aim: a deep elf annihilator, wielding a +3 long sword (lightly wounded, extremely poisoned, 69% to hit)
The stone arrow misses the deep elf annihilator.
The deep elf annihilator gestures wildly while chanting.
The deep elf annihilator blinks!
The deep elf archer festers in the toxic bog!
The deep elf archer looks as sick as possible!
The deep elf archer shoots an arrow.
The arrow hits you.
Cast which spell? (? or * to list)
Aiming: Stone Arrow (safe; 1% risk of failure)
Press: ? - help, Shift-Dir - straight line, f - deep elf archer, p - deep elf annihilator
Aim: a deep elf archer, wielding a +0 shortbow and wearing a +0 leather armour (almost dead, repelling missiles, extremely poisoned, 34% to hit)
Okay, then.
Found four items.
You see here 13 gold pieces.
Cast which spell? (? or * to list)
Aiming: Stone Arrow (safe; 1% risk of failure)
Press: ? - help, Shift-Dir - straight line, f/p - deep elf annihilator
Aim: a deep elf annihilator, wielding a +3 long sword (moderately wounded, extremely poisoned, 69% to hit)
The stone arrow hits the deep elf annihilator!!
The deep elf annihilator is severely wounded.
You kill the deep elf archer!
Cheibriados appreciates the change of pace.
Cast which spell? (? or * to list)
Aiming: Stone Arrow (safe; 1% risk of failure)
Press: ? - help, Shift-Dir - straight line, f/p - deep elf annihilator
Aim: a deep elf annihilator, wielding a +3 long sword (severely wounded, very poisoned, 69% to hit)
Okay, then.
Found a runed trident, a translucent scale mail and a dyed leather armour.
Your noxious spew wanes.
The deep elf annihilator barely misses you.
You see here 6 stones.
Cast which spell? (? or * to list)
Aiming: Stone Arrow (safe; 1% risk of failure)
Press: ? - help, Shift-Dir - straight line, f/p - deep elf annihilator
Aim: a deep elf annihilator, wielding a +3 long sword (almost dead, very poisoned, 69% to hit)
The stone arrow hits the deep elf annihilator!!
You kill the deep elf annihilator!
Cheibriados appreciates the change of pace.
Found a runed war axe and a book of Spontaneous Combustion.
You see here a granite talisman.
Found 17 gold pieces.
You now have 914 gold pieces (gained 18).
Cast which spell? (? or * to list)
Aiming: Apportation (safe; 1% risk of failure)
Press: ? - help, Dir - move target Apport: 17 gold pieces Yoink!
You pull the items towards yourself.
Cast which spell? (? or * to list)
Aiming: Apportation (safe; 1% risk of failure)
Press: ? - help, Dir - move target Apport: a scroll labelled QELUXY JILE Yoink!
You pull the item towards yourself.
Cast which spell? (? or * to list)
Aiming: Apportation (safe; 1% risk of failure)
Press: ? - help, Dir - move target Apport: 13 gold pieces Yoink!
You pull the items towards yourself.
Cast which spell? (? or * to list)
Aiming: Apportation (safe; 1% risk of failure)
Press: ? - help, Dir - move target Apport: a translucent scale mail Yoink!
You pull the item towards yourself.
Cast which spell? (? or * to list)
Aiming: Apportation (safe; 1% risk of failure)
Press: ? - help, Dir - move target Apport: a translucent scale mail Yoink!
You pull the item towards yourself.
You see here the +10 scale mail "Nescheb" {rF+}.
Cast which spell? (? or * to list)
Aiming: Apportation (safe; 1% risk of failure)
Press: ? - help, Dir - move target Apport: a crude leather armour Yoink!
You pull the item towards yourself.
You see here the +1 leather armour of Zeucw {rElec rPois Int-3}.
Cast which spell? (? or * to list)
Aiming: Apportation (safe; 1% risk of failure)
Press: ? - help, Dir - move target Apport: a potion of ambrosia Yoink!
You pull the item towards yourself.
Cast which spell? (? or * to list)
Aiming: Apportation (safe; 1% risk of failure)
Press: ? - help, Dir - move target Apport: 21 gold pieces Yoink!
You pull the items towards yourself.
Cast which spell? (? or * to list)
Aiming: Apportation (safe; 1% risk of failure)
Press: ? - help, Dir - move target Apport: a shimmering gem Yoink!
You pull the item towards yourself.
Cast which spell? (? or * to list)
Aiming: Apportation (safe; 1% risk of failure)
Press: ? - help, Dir - move target Apport: 21 gold pieces Yoink!
You pull the items towards yourself.
Cast which spell? (? or * to list)
Aiming: Apportation (safe; 1% risk of failure)
Press: ? - help, Dir - move target Apport: 13 gold pieces Yoink!
You pull the items towards yourself.
Cast which spell? (? or * to list)
Aiming: Apportation (safe; 1% risk of failure)
Press: ? - help, Dir - move target Apport: 13 gold pieces Yoink!
You pull the items towards yourself.
Okay, then.
Press: ? - help, v - describe, . - travel, g - get item
Items here: ! $ ? [[ ♦.
The floor.
Unknown command.
You drop a +6 ring of intelligence.
Press: ? - help, v - describe, . - travel, g - get item Item here: a slimy staff.
The floor.
Cast which spell? (? or * to list)
Aiming: Apportation (safe; 1% risk of failure)
Press: ? - help, Dir - move target Apport: a slimy staff Yoink!
You pull the item towards yourself.
You see here the staff "Dits" {rPois rC+ Ice}.
b - the staff "Dits" {rPois rC+ Ice};
H - 6 potions of ambrosia (gained 1)
You pick up the shimmering gem and feel its impossibly delicate weight in your hands.
Press } and ! to see all the gems you have collected.
If you linger in this branch much longer, the power of Zot will shatter your shimmering gem.
You can't carry that many items.
Okay, then.
Press: ? - help, v - describe, . - travel, g - get item
Items here: $ = ? [[.
The floor.
Unknown command.
Okay, then.
You drop a +3 plate armour of willpower.
P - the +10 scale mail "Nescheb" {rF+} You now have enough gold to buy a book of Annihilations on Orc:2.
You can access your shopping list by pressing '$'.
You now have 1012 gold pieces (gained 98).
Okay, then.
Okay, then.
As you read the scroll of teleportation, it crumbles to dust.
You feel strangely unstable.
As you read the scroll labelled QELUXY JILE, it crumbles to dust.
It is a scroll of enchant weapon.
Your +2 heavy broad axe glows red for a moment.
You see here a granite talisman.
Press: ? - help, v - describe, . - travel, g - get item Item here: a granite talisman.
The floor.
You drop a +5 ring of evasion.
Your surroundings suddenly seem different.
A deep elf zephyrmancer and 2 deep elf pyromancers come into view.
The deep elf pyromancer shouts! x2; You hear a shout! x2
Cast which spell? (? or * to list)
Aiming: Passwall (safe; 1% risk of failure)
Press: ? - help, Dir - move target A rock wall.
The deep elf pyromancer points at you and mumbles some strange words.
The bolt of fire misses you.
You begin to meditate on the wall.
You continue meditating on the rock.
Magic restored.
The deep elf zephyrmancer gestures at you while chanting.
The bolt of lightning misses you. The bolt of lightning hits you!!
Your body deteriorates!
You feel clumsy.
The bolt of lightning hits the deep elf zephyrmancer!!!
You hear a shout! x2
You continue meditating on the rock.
The deep elf zephyrmancer mumbles some strange words.
The deep elf zephyrmancer blinks!
You continue meditating on the rock.
The air elemental fires a burst of electricity at you.
The stunning burst misses you.
The deep elf pyromancer casts a spell at you.
The pyre arrow hits you.
You are covered in intense liquid fire!
The deep elf pyromancer points at you and mumbles some strange words.
The pyre arrow hits you.
You are even more covered in intense liquid fire!
You finish merging with the rock.
You shake off some of the fire as you move.
The liquid fire burns you!
Your body deteriorates!
You feel weakened.
Cast which spell? (? or * to list)
Aiming: Passwall (safe; 1% risk of failure)
Press: ? - help, Dir - move target A rock wall.
Okay, then.
Cast which spell? (? or * to list)
Aiming: Passwall (safe; 1% risk of failure)
Press: ? - help, Dir - move target A rock wall.
The liquid fire burns you!
You begin to meditate on the wall.
You continue meditating on the rock.
The liquid fire burns you!
You continue meditating on the rock.
The liquid fire burns you!
You finish merging with the rock.
You shake off some of the fire as you move.
The liquid fire burns you!
* * * LOW HITPOINT WARNING * * *
Your body deteriorates!
You feel dopey.
You shake off some of the fire as you move.
The liquid fire burns you!
* * * LOW HITPOINT WARNING * * *
You shake off some of the fire as you move.
The liquid fire burns you!
* * * LOW HITPOINT WARNING * * *
Your body deteriorates!
You feel clumsy.
You shake off the liquid fire.
Zot senses the otherworldly energies of your shimmering gem, and will surely shatter it if you linger in this branch any longer!
There is an open translucent door here.
Cast which spell? (? or * to list)
Aiming: Passwall (safe; 1% risk of failure)
Press: ? - help, Dir - move target A translucent rock wall.
You begin to meditate on the wall.
You continue meditating on the rock. x2
You finish merging with the rock.
Cast which spell? (? or * to list)
Okay, then.
Unknown command.
Unknown command.
Cast which spell? (? or * to list)
Aiming: Passwall (safe; 1% risk of failure)
Press: ? - help, Dir - move target A rock wall.
You begin to meditate on the wall.
You continue meditating on the rock. x2
You finish merging with the rock.
Cast which spell? (? or * to list)
Aiming: Passwall (safe; 1% risk of failure)
Press: ? - help, Dir - move target, f - you Please select a wall.
Okay, then.
Cast which spell? (? or * to list)
Okay, then.
You open the door.
There is an open door here.
Cast which spell? (? or * to list)
Aiming: Passwall (safe; 1% risk of failure)
Press: ? - help, Dir - move target A rock wall.
You begin to meditate on the wall.
You continue meditating on the rock. x2
You finish merging with the rock.
Cast which spell? (? or * to list)
Aiming: Passwall (safe; 1% risk of failure)
Press: ? - help, Dir - move target A rock wall.
You begin to meditate on the wall.
You continue meditating on the rock. x2
You finish merging with the rock.
Cast which spell? (? or * to list)
Aiming: Passwall (safe; 1% risk of failure)
Press: ? - help, Dir - move target A rock wall.
You begin to meditate on the wall.
You continue meditating on the rock. x3
You finish merging with the rock.
Cast which spell? (? or * to list)
Aiming: Passwall (safe; 1% risk of failure)
Press: ? - help, Dir - move target A rock wall.
You begin to meditate on the wall.
You continue meditating on the rock. x3
You finish merging with the rock.
There is a stone staircase leading up here.
You climb upwards.
There is a stone staircase leading down here.
Press: ? - help, v - describe, . - travel A stone staircase leading down.
Okay, then.
Items here: )) [ ÷.
There is a stone staircase leading up here.
You climb upwards.
There is a stone staircase leading down here.
Press: ? - help, . - travel You can't see that place. [the floor.] Blink to where?
Press: ? - help, Dir - move target
Found a buckler.
As you read the scroll of blinking, it crumbles to dust.
Blink to where?
Press: ? - help, Dir - move target
As you read the scroll of blinking, it crumbles to dust.
Okay, then.
Blink to where?
Press: ? - help, Dir - move target
As you read the scroll of blinking, it crumbles to dust.
Blink to where?
Press: ? - help, Dir - move target
As you read the scroll of blinking, it crumbles to dust.
Okay, then.
Press: ? - help, v - describe, . - travel The floor.
Okay, then.
Unknown command.
Okay, then.
Okay, then.
Okay, then.
Okay, then.
Cast which spell? (? or * to list)
You blink.
Press: ? - help, v - describe, . - travel, g - get item
Items here: a +0 robe; a +0 dagger.
Some shallow water.
You feel very buoyant.
You fly up into the air.
You feel ready to blink again.
Okay, then.
With a frightful flash, the power of Zot shatters your shimmering gem into ten thousand fragments!
Things that are here:
a +0 robe; a +0 dagger Unknown command.
Unknown command.
Are you sure you want to abandon this character and quit the game? (Confirm with "yes".)

#..##'###..###...
#............##..
#.............##.
########...#######+###
##...~~~....#..........
##....~~~....#..........
#....~~~~)...#..##+#####
#....~[~~~...#..#.......
#..<)~~@~~...#..#.......
#....~~~~~...#..#.......
#....~~~~~...#..#####'##
##....~~~....#..........
##...~~~....#..........
########...###########
#................
#................
#..##########+##.


There were no monsters in sight!

Vanquished Creatures
  Rupert (Orc:2)
  2 deep elf master archers (Elf:3)
  Donald (Spider:1)
  Aizul (Spider:4)
  11 deep elf sorcerers (Elf:3)
  3 emperor scorpions
  3 ghost moths (Spider:4)
  7 deep elf elementalists (Elf:3)
  A broodmother (Spider:4)
  2 deep elf death magi (Elf:3)
  2 deep elf demonologists (Elf:3)
  A dire elephant (Lair:5)
  7 deep elf annihilators
  2 blizzard demons (IceCv)
  Snorg (Lair:5)
  9 merfolk impalers
  A merfolk javelineer (Shoals:4)
  4 deep elf high priests (Elf:3)
  5 entropy weavers
  3 catoblepae (Lair:5)
  A caustic shrike simulacrum (IceCv)
  3 hydras
  3 alligator snapping turtles
  2 radroaches
  A jorogumo (Spider:4)
  2 merfolk avatars
  A satyr (Shoals:2)
  Erica (D:8)
  4 two-headed ogres
  5 dancing weapons
  2 merfolk aquamancers (Shoals:4)
  7 death scarabs (Spider:4)
  6 boulder beetles (Spider:4)
  2 spectral emperor scorpions (Spider:4)
  6 demonic crawlers
  8 death yaks (Lair:5)
  6 orc high priests
  Sonja (Lair:4)
  6 deep elf knights
  3 pharaoh ants
  2 skysharks
  A bog body (IceCv)
  11 sea snakes
  3 orb spiders
  15 deep elf archers
  An obsidian statue (IceCv)
  10 steelbarb worms
  6 spriggan simulacra (IceCv)
  3 wolf spider zombies (Spider:4)
  A lindwurm (Lair:5)
  11 harpies
  7 orc knights (Orc:2)
  6 fauns
  15 deep elf pyromancers
  13 deep elf zephyrmancers
  9 wolf spiders
  6 orc sorcerers
  A faun (shapeshifter) (Elf:3)
  13 manticores
  A moth of wrath (Spider:4)
  4 elephants (Lair:4)
  A black mamba (Lair:5)
  2 kobold blastminers (Orc:1)
  A cyclops (D:10)
  6 meliai (Spider:4)
  2 ice statues (Spider:3)
  7 merfolk sirens
  A water nymph (Shoals:4)
  Maggie (D:8)
  5 torpor snails
  An unseen horror (D:11)
  5 cane toads (Lair:5)
  5 rime drakes
  A freezing wraith (IceCv)
  2 redback zombies (Spider:4)
  7 komodo dragons
  2 spectral redbacks (Spider:4)
  2 anaconda simulacra (IceCv)
  5 ice devils (IceCv)
  2 trolls
  15 merfolk
  A golden dragon simulacrum (IceCv)
  4 polar bears
  2 spectral culicivoras (Spider:4)
  2 spectral tarantellas (Spider:4)
  4 alligator simulacra (IceCv)
  2 tarantella zombies (Spider:4)
  3 spectral jumping spiders (Spider:4)
  13 tarantellas
  A snapping turtle (Shoals:1)
  19 blink frogs
  Prince Ribbit (D:9)
  2 jumping spider zombies (Spider:4)
  5 wind drakes
  7 dream sheep (Lair:5)
  17 jumping spiders
  2 air elementals
  6 water elementals
  16 culicivoras
  A dire elephant simulacrum (IceCv)
  3 spriggans (Lair:4)
  A wraith (D:10)
  2 shadows
  A vampire (D:11)
  2 ynoxinuls (D:10)
  A wyvern (D:9)
  2 basilisks (Lair:2)
  Eustachio (D:5)
  A fire elemental (Elf:1)
  Grum (D:8)
  A warg (Orc:2)
  35 yaks
  2 steam dragons
  A redback (shapeshifter) (Elf:2)
  8 minotaur simulacra (IceCv)
  41 redbacks
  2 harpy simulacra (IceCv)
  An acid dragon (D:10)
  A hydra simulacrum (IceCv)
  12 water moccasins
  2 sky beasts (D:6)
  An ettin simulacrum (IceCv)
  42 orc warriors
  An ice beast (D:7)
  5 wolves
  3 centaurs
  A phantom (D:6)
  2 kobold brigands
  A weeping skull (Ossuary)
  2 elf zombies (Ossuary)
  A gnoll sergeant (D:10)
  3 bullfrogs
  2 scorpions
  2 earth elementals
  8 deep troll simulacra (IceCv)
  6 killer bees (D:9)
  2 lindwurm simulacra (IceCv)
  2 howler monkeys
  5 bombardier beetles
  4 electric eels
  3 jellies
  A spectral scorpion (Ossuary)
  2 centaur zombies (Ossuary)
  5 hounds
  A human zombie (Ossuary)
  2 gnoll boudas
  30 orc priests
  5 iguanas
  5 hell rats (Lair:2)
  21 orc wizards
  A crocodile zombie (Ossuary)
  2 hound zombies (Ossuary)
  3 mummies (Ossuary)
  5 adders
  13 gnolls
  2 shadow imps
  8 ufetubi (D:10)
  3 adder zombies (Ossuary)
  A ribbon worm (D:3)
  106 orcs
  3 ball pythons
  5 endoplasms
  4 goblins
  4 hobgoblins
  5 jackals
  4 quokkas
  7 ball python zombies (Ossuary)
  5 bats
  A frilled lizard (D:3)
  A gnoll zombie (Ossuary)
  2 jackal zombies (Ossuary)
  16 kobolds
  8 kobold zombies (Ossuary)
  An orc zombie (Ossuary)
  3 rats
959 creatures vanquished.

Vanquished Creatures (collateral kills)
  A manticore (Shoals:2)
1 creature vanquished.

Vanquished Creatures (others)
  A frost giant (Shoals:4)
  A merfolk aquamancer (Shoals:4)
  A deep elf zephyrmancer (Elf:3)
  A vampire (D:8)
  An orc (D:7)
5 creatures vanquished.

Grand Total: 965 creatures vanquished

Notes
Turn   | Place    | Note
-------+----------+-------------------------------------------
     0 | D:1      | jagoly the Human Earth Elementalist began the quest for the
                  | Orb.
     0 | D:1      | Reached XP level 1. HP: 13/13 MP: 3/3
    79 | D:2      | Reached XP level 2. HP: 20/20 MP: 3/5
   146 | D:2      | Reached XP level 3. HP: 15/25 MP: 0/6
   320 | D:3      | Reached skill level 1 in Fighting
   461 | D:3      | Found a faded altar of an unknown god.
   521 | D:3      | Learned a level 3 spell: Passwall
   574 | D:4      | Reached XP level 4. HP: 8/32 MP: 0/7
   604 | D:5      | Entered Level 5 of the Dungeon
   671 | D:4      | Identified the +1 helmet "Kiudut" {Str+2 Dex+5}
   681 | D:4      | Learned a level 3 spell: Stone Arrow
   681 | D:4      | Found a burning altar of Makhleb.
   684 | D:4      | Reached XP level 5. HP: 37/37 MP: 5/8
   963 | D:4      | Reached XP level 6. HP: 42/44 MP: 2/9
  1080 | D:5      | Reached skill level 5 in Earth Magic
  1103 | D:5      | Reached XP level 7. HP: 51/51 MP: 5/10
  1109 | D:5      | Found a radiant altar of Vehumet.
  1109 | D:5      | Found an opulent altar of Gozag.
  1242 | D:5      | Noticed Eustachio
  1486 | D:6      | Reached XP level 8. HP: 58/58 MP: 5/11
  1533 | D:7      | Found a runed translucent gate.
  1534 | D:7      | Found a runed translucent gate.
  1538 | D:7      | Found a runed translucent door.
  1539 | D:7      | Found the +9 staff of Olgreb {rPois∞}
  1549 | D:7      | Found Taonaux's General Store.
  1549 | D:7      | Found a staircase to the Ecumenical Temple.
  1558 | Temple   | Entered the Ecumenical Temple
  1633 | D:7      | Bought a scroll of teleportation for 42 gold pieces
  1678 | D:8      | Found Leexturo's Antique Armour Boutique.
  1703 | D:7      | Found a sand-covered staircase.
  1721 | Ossuary  | Entered an ossuary
  1943 | Ossuary  | Reached XP level 9. HP: 57/66 MP: 7/12
  2056 | D:7      | Reached skill level 5 in Fighting
  2056 | D:7      | Reached skill level 5 in Conjurations
  2200 | D:6      | Reached skill level 1 in Throwing
  2374 | D:5      | Killed Eustachio
  2634 | D:6      | Learned a level 3 spell: Hailstorm
  2654 | D:6      | Reached skill level 1 in Ice Magic
  2774 | D:7      | Found a runed translucent door.
  2779 | D:7      | Found a runed translucent gate.
  2810 | D:8      | Found a glowing silver altar of Zin.
  2898 | D:10     | Entered Level 10 of the Dungeon
  2947 | D:9      | Noticed a two-headed ogre
  2977 | D:9      | Killed a two-headed ogre
  2978 | D:9      | Reached XP level 10. HP: 74/74 MP: 11/13
  3030 | D:9      | Noticed Prince Ribbit
  3037 | D:9      | Killed Prince Ribbit
  3038 | D:9      | Reached skill level 5 in Ice Magic
  3063 | D:8      | Found Kahor's Armour Shoppe.
  3144 | D:8      | Found Pukupn's Book Boutique.
  3182 | D:8      | Noticed Maggie
  3188 | D:8      | Killed Maggie
  3223 | D:9      | Reached skill level 1 in Armour
  3526 | D:9      | You fall into a shaft and drop 1 floor!
  3652 | D:10     | Noticed an ice dragon
  3652 | D:10     | Found the +8 frozen axe "Frostbite" {freeze, freezing
                  | cloud, *Noise Fly rC+}
  3708 | D:10     | Noticed a cyclops
  3733 | D:10     | Killed a cyclops
  3835 | D:10     | Reached skill level 5 in Spellcasting
  3906 | D:10     | Noticed a two-headed ogre
  3914 | D:10     | Killed a two-headed ogre
  3915 | D:10     | Reached XP level 11. HP: 79/79 MP: 11/20
  3919 | D:10     | Learned a level 3 spell: Frozen Ramparts
  4022 | D:10     | Found a staircase to the Orcish Mines.
  4188 | D:11     | Noticed a two-headed ogre
  4198 | D:11     | Killed a two-headed ogre
  4781 | D:11     | Noticed a deep elf archer
  4783 | D:11     | Noticed a deep elf knight
  5115 | D:8      | Bought the +0 pair of fencer's gloves {Riposte Dex+3} for
                  | 600 gold pieces
  5115 | D:8      | Found the +0 pair of fencer's gloves {Riposte Dex+3}
  5158 | D:8      | Found an ornate altar of the Wu Jian Council.
  5159 | D:8      | Found a shimmering blue altar of Sif Muna.
  5159 | D:8      | Found a shadowy altar of Dithmenos.
  5182 | D:8      | Found Mieblof's Weapon Shop.
  5318 | D:8      | Found a staircase to the Lair.
  5386 | D:8      | Noticed Grum
  5391 | D:8      | Reached skill level 5 in Stealth
  5404 | D:8      | Found a hide-covered altar of Uskayaw.
  5404 | D:8      | Found a snail-covered altar of Cheibriados.
  5407 | D:8      | Became a worshipper of Cheibriados the Contemplative
  5430 | D:8      | Killed Grum
  5431 | D:8      | Reached skill level 5 in Armour
  5464 | D:8      | Noticed Erica
  5467 | D:8      | Killed Erica
  5468 | D:8      | Reached skill level 5 in Dodging
  5494 | D:8      | Found a basalt altar of Yredelemnul.
  5543 | Lair:1   | Entered Level 1 of the Lair of Beasts
  5759 | Lair:2   | You are sucked into a shaft and drop 1 floor!
  5812 | Lair:3   | Reached XP level 12. HP: 89/89 MP: 21/21
  5815 | Lair:3   | Reached * piety under Cheibriados
  5929 | Lair:2   | Noticed a five-headed hydra
  5936 | Lair:2   | Killed a five-headed hydra
  6118 | Lair:3   | Found a hole to the Spider Nest.
  6153 | Lair:4   | Reached ** piety under Cheibriados
  6320 | Lair:5   | Entered Level 5 of the Lair of Beasts
  6323 | Lair:5   | Noticed Snorg
  6388 | Lair:4   | Noticed Sonja
  6395 | Lair:4   | Killed Sonja
  6444 | Lair:5   | Noticed a dire elephant
  6450 | Lair:5   | Reached XP level 13. HP: 73/99 MP: 15/22
  6451 | Lair:5   | Reached *** piety under Cheibriados
  6471 | Lair:5   | Learned a level 4 spell: Olgreb's Toxic Radiance
  6485 | Lair:5   | Reached skill level 1 in Alchemy
  6569 | Lair:5   | Killed a dire elephant
  6621 | Lair:5   | Reached **** piety under Cheibriados
  6641 | Lair:5   | Killed Snorg
  6642 | Lair:5   | Reached skill level 5 in Alchemy
  7097 | Lair:5   | Reached skill level 10 in Fighting
  7122 | Lair:5   | Reached skill level 1 in Invocations
  7138 | Lair:5   | Got an earthy gem with 1415 turns to spare
  7204 | Lair:5   | Reached ***** piety under Cheibriados
  7207 | Lair:5   | Reached XP level 14. HP: 100/110 MP: 11/23
  7356 | Lair:3   | Found a staircase to the Shoals.
  7369 | Shoals:1 | Entered Level 1 of the Shoals
  7379 | Shoals:1 | Reached skill level 5 in Invocations
  7445 | Shoals:1 | Found Toniopp's Weapon Shop.
  7560 | Shoals:1 | Learned a level 6 spell: Eringya's Noxious Bog
  7777 | Shoals:2 | Reached skill level 10 in Alchemy
  7847 | Shoals:4 | Entered Level 4 of the Shoals
  7968 | Shoals:4 | Reached XP level 15. HP: 43/115 MP: 2/24
  8036 | Shoals:4 | Found Laopan's Antique Weapon Shop.
  8083 | Shoals:4 | Identified the death talisman of Filigreed Leaves {*Corrode
                  | rC++}
  8158 | Shoals:4 | Reached skill level 10 in Armour
  8178 | Shoals:4 | Noticed a frost giant
  8188 | Shoals:4 | Killed a frost giant
  8215 | Shoals:4 | Got an azure gem with 453 turns to spare
  8217 | Shoals:4 | Got a barnacled rune of Zot
  8423 | Spider:1 | Entered Level 1 of the Spider Nest
  8550 | Spider:1 | Reached ****** piety under Cheibriados
  8558 | Spider:1 | Noticed Donald
  8558 | Spider:1 | Found the +4 robe of Folly {Brill Will-∞ Int+8}
  8563 | Spider:1 | Killed Donald
  8662 | Spider:3 | Noticed an emperor scorpion
  8670 | Spider:3 | Killed an emperor scorpion
  8703 | Spider:2 | Noticed an emperor scorpion
  8712 | Spider:2 | Killed an emperor scorpion
  8720 | Spider:3 | Reached XP level 16. HP: 67/123 MP: 4/27
  8760 | Spider:4 | Entered Level 4 of the Spider Nest
  8764 | Spider:3 | Found a glacial archway.
  8807 | IceCv    | Entered an ice cave
  9025 | IceCv    | Identified the +6 flail of Ciq Ifiwk {vamp, rElec}
  9081 | IceCv    | Reached skill level 10 in Dodging
  9296 | Spider:4 | Reached skill level 1 in Axes
  9415 | Spider:4 | Reached skill level 5 in Axes
  9550 | Spider:4 | Identified the serpent talisman of Purpose {Fly rF+ rN+}
  9550 | Spider:4 | Noticed Aizul
  9564 | Spider:4 | Killed Aizul
  9632 | Spider:4 | Reached XP level 17. HP: 125/133 MP: 0/29
  9756 | Spider:4 | Reached skill level 10 in Axes
  9795 | Spider:4 | Got a gossamer rune of Zot
  9813 | Spider:4 | Got a milky-white gem with 845 turns to spare
 10071 | Spider:1 | Noticed Mlioglotl
 10204 | D:8      | Bought a book of Unlife for 432 gold pieces
 10204 | D:8      | Bought the Tome of Elliptic Cleavage for 312 gold pieces
 10207 | D:8      | Learned a level 2 spell: Blink
 10268 | Orc:1    | Entered Level 1 of the Orcish Mines
 10279 | Orc:1    | Reached skill level 1 in Translocations
 10448 | Orc:2    | Entered Level 2 of the Orcish Mines
 10457 | Orc:2    | Found a staircase to the Elven Halls.
 10544 | Orc:2    | Noticed Rupert
 10545 | Orc:2    | Found Jashramu's Vocational Training.
 10552 | Orc:2    | Killed Rupert
 10588 | Orc:2    | Found Aubug's Alliterative Accessories.
 10599 | Orc:1    | Gained mutation: You occasionally lose the ability to drink
                  | potions when taking damage. [a neqoxec]
 10602 | Orc:1    | Gained mutation: Your flesh is cold resistant. (rC+) [a
                  | neqoxec]
 10780 | Orc:2    | Reached skill level 1 in Shields
 10817 | Orc:2    | Gained mutation: You are dopey. (Int -2) [a neqoxec]
 10929 | Orc:2    | Found Otzal's Assorted Antiques.
 10929 | Orc:2    | Found Heoczod's General Store.
 10930 | Orc:2    | Found Fecw's Magic Scroll Shoppe.
 10930 | Orc:2    | Found Xyify's Book Emporium.
 10940 | Orc:2    | Bought Naqon's Compilation of Topology for 420 gold pieces
 10942 | Orc:2    | Learned a level 1 spell: Apportation
 10942 | Orc:2    | Lost mutation: You occasionally lose the ability to drink
                  | potions when taking damage. [potion of mutation]
 10942 | Orc:2    | Lost mutation: Your flesh is cold resistant. (rC+) [potion
                  | of mutation]
 10942 | Orc:2    | Lost mutation: You are dopey. (Int -2) [potion of mutation]
 10942 | Orc:2    | Gained mutation: You passively map a small area around you.
                  | [potion of mutation]
 10942 | Orc:2    | Gained mutation: Your body sometimes deteriorates upon
                  | taking damage. [potion of mutation]
 10942 | Orc:2    | Gained mutation: You are partially covered in iridescent
                  | scales. (AC +2) [potion of mutation]
 10947 | Orc:2    | Bought a scroll of summoning for 142 gold pieces
 10947 | Orc:2    | Bought a scroll of fog for 60 gold pieces
 10950 | Orc:2    | Bought a masterwork scale mail for 288 gold pieces
 10950 | Orc:2    | Identified the +0 scale mail of Spring {*Corrode Will+
                  | Regen+} (You bought it in a shop on level 2 of the Orcish
                  | Mines)
 10950 | Orc:2    | Bought a sedimented emerald potion for 28 gold pieces
 11034 | Orc:2    | Bought a scroll of amnesia for 64 gold pieces
 11034 | Orc:2    | Bought a scroll of acquirement for 832 gold pieces
 11034 | Orc:2    | Acquired the ring of Xask {Fire rPois Int+3}
 11042 | Orc:2    | Learned a level 5 spell: Borgnjor's Vile Clutch
 11087 | Elf:1    | Entered Level 1 of the Elven Halls
 11101 | Elf:1    | Reached skill level 5 in Shields
 11117 | Elf:1    | Found Nekkaudo's Weapon Shoppe.
 11124 | Elf:1    | Found Nyleugir's Antique Weapon Emporium.
 11159 | Elf:1    | Paralysed by an air elemental for 1 turns
 11415 | Elf:2    | Reached XP level 18. HP: 127/140 MP: 17/30
 11427 | Elf:3    | Entered Level 3 of the Elven Halls
 11524 | Elf:3    | Found Kucap's General Store.
 11801 | Elf:3    | Learned a level 5 spell: Irradiate
 11849 | Elf:3    | HP: 7/140 [deep elf elementalist/fireball (33)]
 11903 | Elf:3    | Reached skill level 10 in Shields
 11928 | Elf:3    | Noticed a deep elf master archer
 11946 | Elf:3    | Killed a deep elf master archer
 12077 | Elf:3    | Noticed a deep elf master archer
 12086 | Elf:3    | Killed a deep elf master archer
 12155 | Elf:3    | Found the +7 captain's cutlass {speed, disarm}
 12168 | Elf:3    | Identified the +2 war axe of Taxation {vamp, rN+ Str+5}
 12176 | Elf:3    | Got Sif Muna's Vellum of Amathomancy
 12205 | Elf:3    | Identified the +10 scale mail "Nescheb" {rF+} (You found it
                  | on level 3 of the Elven Halls)
 12206 | Elf:3    | Identified the +1 leather armour of Zeucw {rElec rPois
                  | Int-3}
 12214 | Elf:3    | Identified the staff "Dits" {rPois rC+ Ice}
 12215 | Elf:3    | Got a shimmering gem with 124 turns to spare
 12298 | Elf:1    | Lost the shimmering gem through the power of Zot.
 12299 | Elf:1    | Quit the game

Illustrated notes

Levels and vault maps discovered:
D:1:      heliophobic_arrival_dark_side_of_the_moon, layout_loops_ring
D:2:      layout_loops_ring
D:3:      layout_rooms, chequers_ecumenical_altar_grove, minivault_25
D:4:      layout_basic, mainiacjoe_overflow_alcove_4, guppyfry_early_orc_mine
D:5:      layout_rooms, jmf_multi_god_temple, minmay_misc_feat_hallway,
          kennysheep_boxes, uniq_eustachio
D:6:      layout_gridville
D:7:      layout_rooms, minmay_temple_entry_grid,
          nicolae_ossuary_entry_false_entrances, serial_shops,
          nicolae_shop_stone, minmay_guarded_unrand_staff_of_olgreb
D:8:      layout_gridville, amcnicky_altar_gilded,
          gammafunk_temple_overflow_elements, minitemple,
          general_overflow_altar, lair_entry_dummy, serial_shops,
          kennysheep_little_box, nicolae_shop_hallway_plus, shop,
          nicolae_stop_n_shop_2, special_room [special_room_orc], minivault_22,
          uniq_maggie, uniq_erica, uniq_grum
D:9:      layout_irregular_city, uniq_prince_ribbit1
D:10:     minmay_coctagon, layout_basic, orc_0_dummy, nicolae_fort_ynox
D:11:     evilmike_iron_armoury, layout_gridville, kennysheep_generic_room_14
Temple:   nicolae_temple_ecumenical_triangle
Lair:1:   layout_concentric_octagons, special_room [special_room_bee]
Lair:2:   layout_chaotic_city, beast_lair_carwin_4, infiniplex_staircase_pool_2
Lair:3:   layout_regular_city, minmay_shoals_entry_beasts,
          spider_nest_entry_web_field, small_statue_intersection
Lair:4:   layout_regular_city, wad_woods_02, uniq_sonja
Lair:5:   evilmike_catoblepas_cave, layout_regular_city, slime_entry_1,
          uniq_snorg
Shoals:1: layout_shoals, serial_shops, shop, lemuel_oklob_altar
Shoals:2: layout_shoals, nicolae_shoals_isolated_beach
Shoals:3: layout_shoals, uniq_polyphemus
Shoals:4: shoals_end_grunt_ice, layout_shoals, serial_shops, shop,
          nicolae_shoals_dead_sea_scrolls
Spider:1: layout_spider_delve, uniq_donald, uniq_mlioglotl
Spider:2: layout_cave_pods
Spider:3: layout_spider_delve, portal_ice_cave_entry_ice_statue_two,
          nicolae_spider_solar_radiation
Spider:4: floodkiller_spider_rune_tomb, nicolae_spider_rock_and_or_roll,
          uniq_aizul
Orc:1:    layout_diamond_mine
Orc:2:    st_orc_pillars, layout_caves, nicolae_alphabet_shops,
          nicolae_orc_rockfall, nicolae_shop_vocational, uniq_rupert
Elf:1:    eino_elf_arrival_sip, layout_onion_city, minmay_elf_necromancy,
          minmay_shoptagon
Elf:2:    nicolae_elf_blades_crystal_corner, layout_gridlike,
          nicolae_shop_clearance
Elf:3:    minmay_elf_hall_four_x, layout_geoelf_castle, serial_shops,
          nicolae_shop_just_a_little_nook, nicolae_shop_just_a_little_nook,
          minmay_elf_demonology

Skill      XL: |  1  2  3  4  5  6  7  8  9 10 11 12 13 14 15 16 17 18 |
---------------+-------------------------------------------------------+-----
Fighting       | 1 2 3 4 5 6 8 10 11 12 | 12.7
Earth Magic    | 4 5 6 7 8 |  8.0
Conjurations   | 2 3 4 7 8 |  8.0
Stealth        | 3 4 5 8 |  8.0
Dodging        | 3 4 5 7 8 9 10 | 10.9
Evocations     | 2 4 |  4.0
Throwing       | 2 |  2.0
Ice Magic      | 4 6 8 |  8.0
Armour         | 4 5 7 8 11 12 | 12.0
Spellcasting   | 6 7 8 9 |  9.0
Alchemy        | 8 11 12 | 12.0
Invocations    | 1 8 |  8.0
Axes           | 7 12 | 12.0
Translocations | 2 |  2.0
Shields        | 7 10 | 10.9

Action                     |  1- 3 |  4- 6 |  7- 9 | 10-12 | 13-15 | 16-18 || total
---------------------------+-------+-------+-------+-------+-------+-------++-------
  Melee: Short sword       |    35 |    20 |    97 |    32 |       |       ||   184
         Punch             |       |       |     4 |       |       |       ||     4
         Executioner's axe |       |       |       |    47 |   110 |   150 ||   307
         Broad axe         |       |       |       |       |       |    35 ||    35
  Throw: Stone             |       |       |     7 |     3 |     8 |       ||    18
         Throwing net      |       |       |     2 |       |     2 |     1 ||     5
         Dart              |       |       |    12 |    18 |    25 |     4 ||    59
         Boomerang         |       |       |       |       |    31 |   122 ||   153
   Cast: Sandblast         |    51 |    51 |   137 |   110 |    30 |     2 ||   381
         Passwall          |     1 |     2 |    21 |    47 |    24 |   171 ||   266
         Stone Arrow       |       |       |    13 |   122 |   137 |   228 ||   500
         Hailstorm         |       |       |     5 |    35 |    29 |     2 ||    71
         Frozen Ramparts   |       |       |       |     3 |    14 |    29 ||    46
         Olgreb's Toxic Ra |       |       |       |       |    57 |   115 ||   172
         Eringya's Noxious |       |       |       |       |    12 |    46 ||    58
         Apportation       |       |       |       |       |       |    35 ||    35
         Borgnjor's Vile C |       |       |       |       |       |     6 ||     6
         Blink             |       |       |       |       |       |     1 ||     1
 Invoke: Slouch            |       |       |       |       |     6 |     9 ||    15
         Bend Time         |       |       |       |       |     1 |     1 ||     2
         Temporal Distorti |       |       |       |       |       |     2 ||     2
  Evoke: Wand              |       |       |     4 |     5 |    19 |     5 ||    33
         Box of beasts     |       |       |       |       |     1 |       ||     1
    Use: Potion            |       |     1 |       |     1 |     3 |    13 ||    18
         Scroll            |       |       |     6 |     8 |     3 |    15 ||    32
   Stab: Sleeping          |       |     1 |     5 |     3 |     1 |     4 ||    14
         Paralysed         |       |       |     2 |     9 |     3 |       ||    14
         Distracted        |       |       |     2 |       |       |       ||     2
         Invisible         |       |       |       |       |       |     1 ||     1
 Armour: Robe              |    39 |    28 |    83 |    12 |       |       ||   162
         Acid dragon scale |       |       |       |   135 |   144 |       ||   279
         Plate armour      |       |       |       |       |   114 |   280 ||   394
         Scale mail        |       |       |       |       |       |   101 ||   101
  Dodge: Dodged            |    37 |    33 |   126 |   221 |   403 |   594 ||  1414
  Block: Other             |       |       |    47 |    55 |    56 |       ||   158
         Reflection        |       |       |     4 |     1 |     6 |    22 ||    33
         Kite shield       |       |       |       |       |       |    61 ||    61
Riposte: Executioner's axe |       |       |       |    37 |   115 |    87 ||   239
         Short sword       |       |       |       |       |     1 |       ||     1
         Battleaxe         |       |       |       |       |     1 |       ||     1
         Broad axe         |       |       |       |       |       |    24 ||    24
